Map: Neon Violet Square LE

Players

David

  • Race: Terran Terran
  • Spawn Location: 5:00

doxtor - Winner!

  • Race: Zerg Zerg
  • League: Platinum
  • Spawn Location: 11:00

VOD

Have the link to the VOD?

Description

Time

  • Played on: April 10, 2025, 11:12 a.m.
  • Length: 11:36
Show
View Real Time Build Order
Export as new Build Order

David Terran 

Build Orders:  

Get SALT Encoding   

  12  0:00  SCV  
  13  0:14  Supply Depot  
  13  0:18  SCV  
  14  0:26  Refinery  
  14  0:32  SCV  
  15  0:44  Barracks  
  15  0:56  SCV  
  16  1:12  Engineering Bay  
  16  1:26  SCV  
  17  1:33  Barracks Tech Lab, Barracks  
  17  1:38  SCV  
  18  1:43  Supply Depot  
  18  1:50  SCV  
  18  1:51  Marine  
  19  2:02  SCV  
  20  2:09  Marine  
  21  2:16  Supply Depot  
  21  2:23  Barracks Tech Lab  
  21  2:27  Marine  
  22  2:30  SCV  
  23  2:42  SCV  
  24  2:45  Marine x2  
  26  2:54  SCV  
  27  3:02  Marine x2  
  29  3:06  SCV  
  30  3:18  SCV  
  31  3:20  Marine x2  
  31  3:21  Factory  
  31  3:23  Command Center  
  33  3:33  SCV  
  34  3:38  Marine x2  
  36  3:45  SCV  
  37  3:56  Marine  
  38  4:07  SCV, Refinery  
  39  4:26  Supply Depot  
  39  4:27  Factory Tech Lab  
  39  4:29  Combat Shield  
  39  4:35  Marine x2  
  41  4:49  SCV  
  41  4:50  SCV  
  43  4:53  Marine x2  
  39  5:01  SCV  
  39  5:02  SCV  
  39  5:04  Supply Depot  
  44  5:07  Siege Tank  
  44  5:10  Marine x2  
  44  5:13  SCV  
  47  5:14  SCV  
  48  5:26  SCV  
  49  5:28  Marine x2  
  51  5:36  Refinery  
  51  5:39  Siege Tank  
  51  5:42  SCV  
  55  5:46  SCV, Marine  
  57  5:51  Marine  
  57  5:54  SCV  
  59  5:58  SCV  
  59  6:02  Starport, Refinery  
  60  6:04  Marine  
  60  6:08  SCV, Marine  
  60  6:10  SCV  
  64  6:19  Cyclone  
  64  6:20  SCV  
  64  6:22  SCV, Marine  
  70  6:34  Supply Depot  
  70  6:42  Terran Infantry Weapons Level 1  
  70  6:55  Marine x2  
  70  6:56  SCV, Medivac  
  70  6:57  Supply Depot  
  75  7:03  Command Center  
  75  7:07  SCV  
  75  7:08  SCV  
  77  7:13  Marine  
  78  7:19  Marine  
  78  7:20  SCV  
  78  7:21  Supply Depot  
  80  7:26  Medivac  
  82  7:31  Marine  
  82  7:36  Orbital Command, Marine  
  84  7:41  Orbital Command  
  84  7:44  Supply Depot  
  84  7:49  Cyclone, Marine  
  88  7:54  Marine  
  89  8:07  Marine  
  89  8:08  Refinery  
  89  8:09  SCV x2  
  89  8:12  Marine  
  93  8:21  SCV x2, Cyclone  
  93  8:24  Marine  
  99  8:30  Marine  
  99  8:33  SCV x2, Refinery  
  102  8:34  Supply Depot  
  102  8:36  Terran Infantry Armor Level 1  
  63  8:42  Marine  
  63  8:45  SCV  
  63  8:46  SCV  
  63  8:48  Marine  
  63  8:53  Cyclone  
  66  8:56  Supply Depot, Medivac  
  66  8:57  SCV  
  66  8:58  SCV  
  66  9:00  Marine  
  71  9:05  Marine  
  71  9:08  SCV  
  73  9:18  Marine, Armory  
  73  9:19  Supply Depot  
  73  9:20  SCV  
  73  9:23  Marine  
  76  9:25  Siege Tank  
  76  9:26  Medivac  
  81  9:32  SCV  
  81  9:36  Marine  
  83  9:41  Marine  
  84  9:46  SCV  
  85  9:54  Marine  
  85  9:56  Viking  
  85  9:57  Siege Tank  
  85  9:58  SCV  
  85  9:59  Marauder  
  94  10:12  Orbital Command, Marauder  
  96  10:21  Marauder  
  98  10:26  Viking  
  100  10:29  Siege Tank  
  100  10:33  Marauder  
  105  10:42  Marauder  
  107  10:56  Viking  
  109  11:01  Cyclone  
  112  11:04  Supply Depot  
  112  11:07  Marine x2  
  115  11:28  Supply Depot  
Show
View Real Time Build Order
Export as new Build Order

doxtor Zerg - Winner!

Build Orders: Hatch First 

Get SALT Encoding   

  12  0:01  Drone  
  13  0:09  Drone  
  14  0:18  Drone, Extractor  
  15  0:23  Overlord  
  15  0:41  Drone  
  15  0:42  Drone  
  17  0:49  Drone  
  19  0:57  Drone  
  19  1:09  Drone  
  20  1:16  Hatchery  
  19  1:20  Spawning Pool  
  19  1:22  Extractor  
  19  1:23  Drone, Extractor  
  17  1:28  Drone  
  18  1:38  Drone  
  18  1:54  Drone  
  19  2:03  Drone  
  19  2:08  Hatchery  
  19  2:10  Queen  
  21  2:16  Drone  
  22  2:26  Metabolic Boost  
  22  2:29  Overlord  
  22  2:34  Drone  
  23  2:41  Drone  
  24  2:48  Zergling x2  
  24  2:49  Drone  
  24  2:50  Drone  
  27  2:53  Zergling x2  
  28  3:04  Baneling Nest  
  27  3:07  Overlord  
  27  3:18  Zergling x4  
  27  3:19  Zergling x2  
  30  3:21  Drone  
  30  3:24  Queen  
  33  3:32  Lair  
  33  3:36  Drone  
  33  3:37  Drone  
  35  3:51  Drone x2  
  35  3:52  Drone  
  35  3:54  Drone x2  
  40  3:56  Drone x3  
  43  4:04  Queen  
  45  4:11  Drone x2  
  45  4:12  Drone x2  
  45  4:14  Drone  
  50  4:19  Overlord  
  50  4:21  Overlord  
  50  4:35  Overlord  
  49  5:02  Zergling x10  
  49  5:03  Zergling x6  
  49  5:05  Overlord x2  
  49  5:06  Overlord x2  
  49  5:07  Overlord  
  57  5:11  Spire  
  56  5:17  Infestation Pit  
  56  5:19  Evolution Chamber  
  56  5:20  Evolution Chamber  
  53  5:21  Spore Crawler  
  53  5:24  Spore Crawler  
  53  5:26  Spore Crawler x2  
  49  5:28  Spore Crawler  
  49  5:34  Spore Crawler  
  49  5:35  Extractor  
  46  5:36  Extractor  
  46  5:42  Drone x5  
  50  5:43  Drone x2, Extractor x2  
  50  5:44  Drone x2  
  50  5:45  Drone x3  
  50  5:47  Overseer  
  55  6:07  Hive  
  55  6:08  Zerg Melee Weapons Level 1  
  55  6:09  Zerg Ground Armor Level 1  
  55  6:13  Centrifugal Hooks  
  55  6:35  Mutalisk x2  
  55  6:36  Mutalisk  
  55  6:37  Zergling x2  
  55  6:38  Zergling x6  
  55  6:39  Zergling x6  
  69  6:40  Zergling x12  
  69  6:41  Zergling x2  
  75  6:56  Drone x2  
  75  6:57  Drone x2  
  75  6:58  Drone x2  
  75  6:59  Drone x2  
  83  7:02  Baneling  
  83  7:03  Baneling x8  
  83  7:04  Baneling  
  83  7:16  Corruptor  
  83  7:17  Drone  
  83  7:18  Drone x3  
  83  7:19  Drone  
  83  7:20  Drone  
  91  7:29  Baneling x5  
  91  7:30  Baneling x2  
  91  7:44  Ultralisk Cavern  
  91  7:49  Drone x3  
  93  7:51  Drone x2  
  93  7:52  Drone  
  96  8:12  Hatchery  
  95  8:20  Mutalisk  
  95  8:22  Zergling x2  
  95  8:23  Overlord x4  
  95  8:25  Overlord x2  
  95  8:26  Overlord  
  80  8:58  Chitinous Plating  
  80  8:59  Zerg Melee Weapons Level 2, Zerg Ground Armor Level 2  
  80  9:05  Overlord x2  
  80  9:06  Overlord x4  
  80  9:07  Overlord x2  
  80  9:16  Baneling x3  
  80  9:17  Baneling x9  
  80  9:23  Drone x2  
  80  9:24  Drone x7  
  85  9:27  Drone x5  
  94  9:33  Zerg Flyer Weapons Level 1  
  94  9:40  Overseer  
  94  9:52  Drone x3  
  97  9:57  Ultralisk x3  
  115  10:00  Hatchery  
  114  10:14  Extractor  
  114  10:15  Drone x2  
  114  10:16  Extractor  
  114  10:37  Queen  
  114  10:39  Drone x2  
  114  10:42  Drone x3  
  121  10:43  Drone x2  
  121  10:44  Drone x5  
  121  10:45  Drone x5  
  133  10:54  Hydralisk Den  
Tags
 
League
Platinum
Matchup
TvZ
Replay Pack
DaveSC2
Spawn Locations
Cross Positions
Add a new tag
Caveats
  • Supply blocks, unpowered buildings, or Contaminate may cause inaccurate times.
  • Supply counts are checked every 10 seconds.